 Dungeon Sprint DCSS version 0.18-a0-1354-gbc5753f (webtiles) character file.

2310 Kidiri the Covert (level 9, -5/42 (46) HPs)
             Began as a Spriggan Enchanter on Feb 19, 2016.
             Engulfed by a death drake's foul pestilence (6 damage)
             ... in the Dungeon (Sprint II: "The Violet Keep of Menkaure").
             The game lasted 00:05:45 (976 turns).

Kidiri the Covert (Spriggan Enchanter)               Turns: 976, Time: 00:05:45

HP:   -5/42 (46)    AC:  3    Str:  4    XL:     9   Next: 18%
MP:   11/24         EV: 29    Int: 18    God:
Gold: 439           SH:  0    Dex: 18    Spells: 7 memorised, 7 levels left

rFire  . . .     SeeInvis +     a - +1 dagger
rCold  . . .     Gourm    .     b - +1 robe
rNeg   . . .     Faith    .     (shield restricted)
rPois  .         Spirit   .     (helmet restricted)
rElec  .         Dismiss  .     (no cloak)
rCorr  .         Reflect  .     (gloves unavailable)
SustAt .         Harm     .     (boots unavailable)
MR     +....     Rnd*Rage +     (no amulet)
Stlth  +......... NoTele   +    (no ring)
                                (no ring)

@: confused, lethally poisoned (-5 -> -105), non-regenerating, badly diseased,
slowed, quick, somewhat resistant to hostile enchantments, very unstealthy
A: unfitting armour, see invisible, berserk 1, herbivore 3, speed 3, slow
metabolism 2
a: no special abilities


You were in the Dungeon.
You were not hungry.

You visited 1 branch You collected 1069 gold pieces.
You spent 630 gold pieces at shops.

Inventory:

Hand Weapons
 a - a +1 dagger (weapon)
Armour
 b - a +1 robe (worn)
Scrolls
 j - a scroll of blinking
Potions
 f - a potion of heal wounds
 g - a potion of haste
Books
 c - a book of Maledictions

   Spells                             Type                      Level
   a - Corona                         Hexes                        1
   b - Ensorcelled Hibernation        Hexes/Ice                    2
   c - Confuse                        Hexes                        3
   d - Tukima's Dance                 Hexes                        3
   e - Dazzling Spray                 Conjuration/Hexes            3
 h - a book of Clouds

   Spells                             Type                      Level
   a - Mephitic Cloud                 Conjuration/Poison/Air       3
   b - Conjure Flame                  Conjuration/Fire             3
   c - Poisonous Cloud                Conjuration/Poison/Air       6
   d - Freezing Cloud                 Conjuration/Ice/Air          6
   e - Ring of Flames                 Charms/Fire                  7
Comestibles
 d - a bread ration


   Skills:
 + Level 4.9 Fighting
 * Level 9.5 Short Blades
 + Level 4.4 Armour
 * Level 12.1 Dodging
 * Level 13.3 Stealth
 * Level 10.4 Spellcasting
 + Level 3.1 Conjurations
 + Level 8.0 Hexes
 + Level 3.3 Ice Magic
 + Level 1.7 Air Magic
 + Level 2.2 Poison Magic


You had 7 spell levels left.
You knew the following spells:

 Your Spells              Type           Power        Failure   Level  Hunger
a - Corona                Hex            #####..      1%          1    None
b - Ensorcelled Hibernat  Hex/Ice        ####..       1%          2    None
c - Confuse               Hex            #####...     1%          3    None
d - Tukima's Dance        Hex            #####...     1%          3    None
e - Dazzling Spray        Conj/Hex       ####....     2%          3    None
f - Mephitic Cloud        Conj/Pois/Air  ###.....     12%         3    None
g - Freezing Cloud        Conj/Ice/Air   ###.......   100%        6    ######.


Dungeon Overview and Level Annotations

Branches:
Dungeon (1/1)

Altars:
Cheibriados
Dithmenos
Kikubaaqudgha
Makhleb
Okawaru
Pakellas
Ru
Sif Muna
Trog
Vehumet
Xom
Yredelemnul
Zin
Beogh
Jiyva
Lugonu

Shops:
D (:!:%*%??[[=!?=}

Annotations:
D exclusion: oklob plant


Innate Abilities, Weirdness & Mutations

You are tiny and cannot use many weapons and most armour.
You have supernaturally acute eyesight.
You are an herbivore.
You cover ground extremely quickly.
You need consume almost no food.
You tend to lose your temper in combat.


Message History

You bump into the stone wall.
You are engulfed in dark miasma.
You are poisoned.
You feel your flesh rotting away!
You feel yourself slow down.
You feel very sick. The death drake completely misses you.
You miss the death drake.
The death drake is moderately wounded.
You are engulfed in dark miasma.
You are lethally poisoned!
You feel your flesh rotting away!
You feel ill.
You feel sick. The death drake breathes miasma at you.
The foul vapour engulfs you!
You are more poisoned.
You feel your flesh rotting away!
You feel ill.
* * * LOW HITPOINT WARNING * * *
You bump into the stone wall.
You are engulfed in dark miasma.
You are more poisoned.
You feel your flesh rotting away!
You feel as though you will be slow longer.
You die...

..# #. k #.#### +.##.
:▓$[(((?? # ...#
..k####▓$"(?(?? ###..##
#..##.#▓!?[![%! #.##..#
+..#..#▓[?(!!?! ...#..#
#..#.%#▓?!($!()
)#.'..####^.##§#▓?$$?!$!
...#....###..§##▓▓▓▓▓▓▓+
#.##......≈≈§§kk@§§§§≈≈.
###≈≈.....≈#+########+##
#≈≈§≈≈≈≈..≈#........#t§§
#≈§§≈≈≈≈≈.≈#...._._.#t§§
≈≈≈§§≈≈§≈§≈#..._._._#§§§
≈≈≈§≈≈§§≈≈§#.._._._.#§§§
+#≈≈§≈≈§§§≈#._._._._#§§§
#≈≈≈###§§#_._._._.#§§§
≈≈


You could see a death drake, a swamp drake and 2 crocodiles.

Vanquished Creatures
  A siren (D)
  A yaktaur (D)
  3 polar bears (D)
  4 neqoxecs (D)
  Menkaure (D)
  A wasp (D)
  4 necrophages (D)
  A crocodile (D)
  A scorpion (D)
  4 worker ants (D)
21 creatures vanquished.

Vanquished Creatures (others)
  A crocodile (D)
1 creature vanquished.

Grand Total: 22 creatures vanquished

Notes
Turn   | Place    | Note
--------------------------------------------------------------
     0 | D        | Kidiri the Spriggan Enchanter began the quest for the Orb.
     0 | D        | Reached XP level 1. HP: 9/9 MP: 5/5
     1 | D        | Noticed a necrophage
     1 | D        | Noticed a necrophage
     1 | D        | Noticed a necrophage
     1 | D        | Noticed a necrophage
     9 | D        | Killed a necrophage
     9 | D        | Reached skill level 1 in Fighting
     9 | D        | Reached skill level 1 in Armour
     9 | D        | Reached skill level 5 in Dodging
     9 | D        | Reached skill level 7 in Stealth
     9 | D        | Reached skill level 5 in Spellcasting
     9 | D        | Reached XP level 2. HP: 12/15 MP: 6/9
     9 | D        | Reached XP level 3. HP: 14/18 MP: 6/10
     9 | D        | Reached XP level 4. HP: 17/23 MP: 7/12
    17 | D        | Killed a necrophage
    17 | D        | Reached skill level 5 in Short Blades
    17 | D        | Reached skill level 8 in Stealth
    17 | D        | Reached skill level 5 in Hexes
    17 | D        | Reached XP level 5. HP: 18/27 MP: 7/14
    25 | D        | Killed a necrophage
    25 | D        | Reached skill level 9 in Stealth
    31 | D        | Killed a necrophage
    31 | D        | Reached XP level 6. HP: 19/32 MP: 9/17
    49 | D        | Learned a level 2 spell: Ensorcelled Hibernation
    53 | D        | Learned a level 3 spell: Confuse
    57 | D        | Learned a level 3 spell: Tukima's Dance
    61 | D        | Learned a level 3 spell: Dazzling Spray
   224 | D        | Reached skill level 10 in Stealth
   283 | D        | Noticed a neqoxec
   283 | D        | Noticed a neqoxec
   283 | D        | Noticed a neqoxec
   283 | D        | Noticed a neqoxec
   283 | D        | Gained mutation: You tend to lose your temper in combat. [a neqoxec]
   294 | D        | Killed a neqoxec
   294 | D        | Reached skill level 1 in Conjurations
   294 | D        | Reached skill level 1 in Ice Magic
   294 | D        | Reached XP level 7. HP: 23/37 MP: 5/19
   302 | D        | Killed a neqoxec
   302 | D        | Reached skill level 11 in Stealth
   309 | D        | Killed a neqoxec
   309 | D        | Reached skill level 10 in Dodging
   313 | D        | Killed a neqoxec
   391 | D        | Noticed Menkaure
   397 | D        | Killed Menkaure
   399 | D        | Found Noebrue's Magic Scroll Emporium.
   399 | D        | Found Yraezowy's Gadget Emporium.
   399 | D        | Found Linail's Distillery.
   399 | D        | Found Utolet's Jewellery Shoppe.
   399 | D        | Found Lirchuxi's Jewellery Emporium.
   603 | D        | Noticed a siren
   606 | D        | Killed a siren
   606 | D        | Reached skill level 12 in Stealth
   606 | D        | Reached XP level 8. HP: 42/42 MP: 18/22
   660 | D        | Found Luis Qeg's Antique Armour Emporium.
   660 | D        | Found Ylufomaehi's Antique Armour Shoppe.
   670 | D        | Found Jero's Food Emporium.
   670 | D        | Found Zuecru Feha's General Store.
   670 | D        | Found Rujaf's Magic Scroll Emporium.
   671 | D        | Found Javev's Food Shoppe.
   672 | D        | Found Gulali's Magic Scroll Shoppe.
   673 | D        | Found Seibekan's Book Shoppe.
   673 | D        | Found Ryassyhi's Distillery.
   673 | D        | Noticed an oklob plant
   674 | D        | Noticed an unseen horror
   702 | D        | Noticed an ice statue
   734 | D        | Noticed an unseen horror
   735 | D        | Found Qeiskor's Antique Weapon Shoppe.
   735 | D        | Found Erimu's Book Shoppe.
   768 | D        | Bought a book of Clouds for 630 gold pieces
   772 | D        | Learned a level 3 spell: Mephitic Cloud
   779 | D        | Learned a level 6 spell: Freezing Cloud
   806 | D        | Found a deep blue altar of Sif Muna.
   807 | D        | Found a sacrificial altar of Ru.
   808 | D        | Found a basalt altar of Yredelemnul.
   808 | D        | Found a corrupted altar of Lugonu.
   808 | D        | Found a roughly hewn altar of Beogh.
   808 | D        | Found a bloodstained altar of Trog.
   809 | D        | Found a radiant altar of Vehumet.
   809 | D        | Found an iron altar of Okawaru.
   809 | D        | Found an ancient bone altar of Kikubaaqudgha.
   810 | D        | Found an oddly glowing altar of Pakellas.
   810 | D        | Found a snail-covered altar of Cheibriados.
   811 | D        | Found a shadowy altar of Dithmenos.
   811 | D        | Found a burning altar of Makhleb.
   812 | D        | Found a glowing silver altar of Zin.
   812 | D        | Found a shimmering altar of Xom.
   813 | D        | Noticed a yaktaur
   813 | D        | Noticed a polar bear
   814 | D        | Noticed a polar bear
   814 | D        | Noticed a polar bear
   815 | D        | Killed a polar bear
   815 | D        | Reached skill level 1 in Poison Magic
   823 | D        | Killed a polar bear
   823 | D        | Reached skill level 10 in Spellcasting
   823 | D        | Reached skill level 1 in Air Magic
   828 | D        | Killed a polar bear
   828 | D        | Reached skill level 13 in Stealth
   828 | D        | Reached XP level 9. HP: 46/46 MP: 10/24
   833 | D        | Killed a yaktaur
   942 | D        | Noticed a death drake
   958 | D        | Found a viscous altar of Jiyva.
   975 | D        | HP: 1/43 [death drake/foul vapour (16)]
   976 | D        | Engulfed by a death drake's foul pestilence

Vault maps used:
D:        the_violet_keep_of_menkaure

Action                   |  1- 3 |  4- 6 |  7- 9 || total
-------------------------+-------+-------+-------++-------
Melee: Dagger            |     5 |    43 |    32 ||    80
 Cast: Ensorcelled Hiber |       |     5 |     7 ||    12
       Dazzling Spray    |       |     3 |    13 ||    16
       Confuse           |       |     1 |     5 ||     6
       Mephitic Cloud    |       |       |     1 ||     1
  Use: Potion            |     1 |       |     3 ||     4
 Stab: Sleeping          |       |     3 |     4 ||     7
       Invisible         |       |     2 |     3 ||     5
       Confused          |       |       |     5 ||     5
